 Dungeon Crawl Stone Soup version 0.31-a0-819-gf6de2f5ab6 (webtiles) character file.

Game seed: 13027614273131454738

377 qw the Shooter (level 6, -1/38 HPs)
             Began as a Gargoyle Hunter on Sept 23, 2023.
             Was an Initiate of Okawaru.
             Slain by a gnoll
             ... wielding a +0 club
              (6 damage)
             ... on level 4 of the Dungeon.
             The game lasted 00:01:06 (3257 turns).

qw the Shooter (Gargoyle Hunter)                    Turns: 3257, Time: 00:01:06

Health: -1/38      AC: 10    Str: 15    XL:     6   Next: 73%
Magic:  6/6        EV: 11    Int:  9    God:    Okawaru [......]
Gold:   237        SH:  5    Dex: 15    Spells: 5/5 levels left

rFire   . . .        Y - +1 shortbow
rCold   . . .        (shield currently unavailable)
rNeg    + . .        i - +0 ring mail
rPois   inf          (no helmet)
rElec   +            k - scarf {repulsion}
rCorr   .            (no gloves)
SInv    .            j - +0 pair of boots
Will    .....        l - amulet of reflection
Stlth   +            (no ring)
HPRegen 0.26/turn    (no ring)
MPRegen 0.10/turn

%: repel missiles, reflection
@: about to teleport
A: sickness immunity, AC +4, negative energy resistance 1, electricity
resistance, torment resistance 1, petrification resistance
a: Renounce Religion


You were on level 4 of the Dungeon.
You worshipped Okawaru.
Okawaru was noncommittal.
You visited 1 branch of the dungeon, and saw 5 of its levels.

You collected 293 gold pieces.
You spent 56 gold pieces at shops.


Innate Abilities, Weirdness & Mutations

You are immune to sickness and miasma.
Your stone body is resilient. (AC +4)
You are immune to poison.
You resist negative energy. (rN+)
You are resistant to electric shocks. (rElec)
You are resistant to unholy torment.
You are immune to petrification.


   Skills:
 - Level 4.0 Fighting
 + Level 7.0 Ranged Weapons
 - Level 1.0 Armour
 - Level 1.5 Dodging
 - Level 1.1 Stealth
 - Level 0.7 Invocations


You had 5 spell levels left.
You didn't know any spells.
Your spell library was empty.

Inventory:

Hand Weapons
 Y - a +1 shortbow (weapon)
Armour
 i - a +0 ring mail (worn)
 j - a +0 pair of boots (worn)
 k - a scarf of repulsion (worn)
Jewellery
 d - a ring of fire
 l - an amulet of reflection (around neck)
Wands
 m - a wand of digging (6)
Scrolls
 b - a scroll of identify
Potions
 a - a potion of magic
 f - a potion of heal wounds {unknown}
 g - a potion of attraction {unknown}
 h - a potion of curing

Dungeon Overview and Level Annotations

Branches:
Dungeon (5/15)
 Temple: D:4-7

Altars:
Elyvilon
Okawaru
Xom

Shops:
D:1 [   D:4 *


Message History

HP restored.
The orc hits you but does no damage. The orc closely misses you.
The gnoll hits you with a +3 flail.
You climb upwards.
There is a stone staircase leading down here.
You shoot an arrow. The arrow hits the gnoll.
The gnoll is moderately wounded.
The gnoll hits you with a +0 club. You block the gnoll's attack.
The orc barely misses you.
You shoot an arrow. The arrow barely misses the gnoll.
The gnoll hits you but does no damage. The gnoll hits you with a +3 flail!
The orc barely misses you.
You shoot an arrow. The arrow hits the gnoll!
You kill the gnoll!
Okawaru accepts your kill. You block the gnoll's attack.
The orc closely misses you. The gnoll hits you but does no damage.
Your Ranged Weapons skill increases to level 7!
You shoot an arrow. The arrow barely misses the gnoll.
The gnoll hits you with a +0 club. You block the orc's attack.
You shoot an arrow.
The arrow hits the gnoll but does no damage.
The gnoll hits you but does no damage. The orc hits you with a +0 hand axe.
You shoot an arrow. The arrow hits the gnoll.
The gnoll is lightly wounded.
The gnoll hits you but does no damage. The orc closely misses you.
You shoot an arrow. The arrow hits the gnoll.
The gnoll is moderately wounded.
The gnoll hits you but does no damage.
You shoot an arrow. The arrow hits the gnoll.
The gnoll is severely wounded.
The gnoll hits you with a +0 club. You block the orc's attack.
3256 ||| READING scroll of teleportation.
As you read the scroll of teleportation, it crumbles to dust.
You feel strangely unstable. The gnoll hits you but does no damage.
The orc closely misses you. You block the orc's attack.
You shoot an arrow. The arrow closely misses the gnoll.
You block the gnoll's attack. The orc hits you with a +0 hand axe.
The orc barely misses you. The gnoll hits you with a +0 club.
You die...

### ##
#.###########.
#.............
#.###########. #.#
#. #.# #. #.####
##.
#####....#######..
#@o......'.....'..
#og......#######..
#.##.....# #..
#.###.#### #.. #.#
#....# ##+ #.#
#.##.# #. #.#
#.##.##### #. #.#
#.##.....####. #.#
#.###....'....


You could see a gnoll and 2 orcs.

Vanquished Creatures
  2 orc priests (D:4)
  An iguana (D:3)
  A sleepcap (D:4)
  Natasha (thrice) (D:4)
  2 orc wizards (D:4)
  2 gnolls (D:4)
  4 adders
  3 worms
  12 orcs
  6 ball pythons
  2 endoplasms
  4 giant cockroaches
  7 goblins
  5 hobgoblins
  3 jackals (D:1)
  2 quokkas
  3 bats
  A frilled lizard (D:1)
  10 kobolds
  4 rats
77 creatures vanquished.

Notes
Turn   | Place    | Note
-------+----------+-------------------------------------------
     0 | D:1      | qw the Gargoyle Hunter began the quest for the Orb.
     0 | D:1      | Reached XP level 1. HP: 12/12 MP: 1/1
     0 | D:1      | 0 ||| qw: Version: 0.3-a-83-gcd0e7d8
     0 | D:1      | 0 ||| qw: Game counter: 1680
     0 | D:1      | 0 ||| qw: Melee chars always use a shield: true
     0 | D:1      | 0 ||| qw: God list: Okawaru
     0 | D:1      | 0 ||| qw: Allow faded altars: false
     0 | D:1      | 0 ||| qw: Do Orc after clearing Dungeon:15 true
     0 | D:1      | 0 ||| qw: Do second Lair branch before Depths: true
     0 | D:1      | 0 ||| qw: Lair rune preference: random
     0 | D:1      | 0 ||| qw: Goals: Normal
     0 | D:1      | 0 ||| PLANNING D:1-11
   145 | D:1      | Reached XP level 2. HP: 14/17 MP: 2/2
   180 | D:1      | Found Koigg's Armour Shop.
   184 | D:1      | 184 ||| SHOPLISTING +0 cloak (58 gold, have 10).
   184 | D:1      | 184 ||| SHOPLISTING +0 helmet (58 gold, have 10).
   184 | D:1      | 184 ||| SHOPLISTING +0 ring mail (52 gold, have 10).
   566 | D:1      | Found a faded altar of an unknown god.
   738 | D:1      | 738 ||| UPGRADING to +0 ring mail.
   748 | D:1      | 748 ||| DROPPING +0 leather armour.
   749 | D:1      | 749 ||| UPGRADING to scarf of repulsion.
   754 | D:1      | 754 ||| READING scroll labelled CENLIE PATWADD.
   755 | D:1      | 755 ||| READING scroll labelled YTTOIN VULEINKORRU.
   756 | D:1      | 756 ||| READING scroll labelled SYENLE LIFANN.
   757 | D:1      | 757 ||| READING scroll labelled HOIFUA SAVI.
   760 | D:1      | 760 ||| DROPPING scroll of butterflies.
   917 | D:2      | Reached XP level 3. HP: 18/21 MP: 3/3
   964 | D:2      | Reached skill level 1 in Armour
   996 | D:2      | Reached skill level 5 in Ranged Weapons
  1111 | D:2      | Reached skill level 3 in Fighting
  1111 | D:2      | Reached XP level 4. HP: 28/28 MP: 4/4
  1302 | D:2      | Found an iron altar of Okawaru.
  1303 | D:2      | 1303 ||| PLANNING OKAWARU WORSHIP
  1303 | D:2      | 1303 ||| DROPPING scarf of invisibility.
  1304 | D:2      | 1304 ||| UPGRADING to amulet of reflection.
  1309 | D:2      | 1309 ||| READING scroll labelled JISTYD HAISCH.
  1310 | D:2      | 1310 ||| READING scroll labelled PYGOT MATOEQOI.
  1311 | D:2      | 1311 ||| READING scroll labelled GAYTHE BESHAJEGEA.
  1312 | D:2      | 1312 ||| DRINKING 2 amethyst potions.
  1313 | D:2      | 1313 ||| DROPPING potion of brilliance.
  1322 | D:2      | Became a worshipper of Warmaster Okawaru
  1323 | D:2      | 1323 ||| PLANNING D:1-11
  1425 | D:3      | 1425 ||| RETREEAATING.
  1801 | D:3      | Found a white marble altar of Elyvilon.
  2054 | D:3      | Reached XP level 5. HP: 32/32 MP: 5/5
  2175 | D:3      | 2175 ||| READING 2 scrolls labelled ESOUSS GAYPNEG.
  2176 | D:3      | 2176 ||| DROPPING scroll of poison.
  2256 | D:4      | Reached skill level 6 in Ranged Weapons
  2335 | D:4      | Found Tiamao's General Store.
  2340 | D:4      | 2340 ||| BUYING scroll of identify (28 gold).
  2340 | D:4      | Bought a scroll of identify for 28 gold pieces
  2340 | D:4      | 2340 ||| BUYING scroll of identify (28 gold).
  2340 | D:4      | Bought a scroll of identify for 28 gold pieces
  2347 | D:4      | Found a shimmering altar of Xom.
  2417 | D:4      | Noticed Natasha
  2419 | D:4      | Killed Natasha
  2459 | D:4      | Noticed Natasha
  2471 | D:4      | 2471 ||| Stepping ~*~*~tactically~*~*~ (retreating).
  2472 | D:4      | 2472 ||| Stepping ~*~*~tactically~*~*~ (retreating).
  2473 | D:4      | 2473 ||| Stepping ~*~*~tactically~*~*~ (retreating).
  2474 | D:4      | 2474 ||| Stepping ~*~*~tactically~*~*~ (retreating).
  2475 | D:4      | Killed Natasha
  2476 | D:4      | Reached XP level 6. HP: 14/38 MP: 6/6
  2597 | D:4      | Noticed Natasha
  2606 | D:4      | Killed Natasha
  2606 | D:4      | Reached * piety under Okawaru
  2916 | D:4      | 2916 ||| INVOKING Heroism.
  3163 | D:4      | 3163 ||| UPGRADING to +0 pair of boots.
  3168 | D:4      | 3168 ||| READING scroll labelled GATUUWAOMYI.
  3169 | D:4      | 3169 ||| READING scroll labelled YMERUGR EMOSEF.
  3170 | D:4      | 3170 ||| DRINKING 2 glowing golden potions.
  3171 | D:4      | 3171 ||| READING 2 scrolls of identify.
  3171 | D:4      | 3171 ||| IDENTIFYING lumpy yellow potion
  3190 | D:5      | Entered Level 5 of the Dungeon
  3191 | D:5      | 3191 ||| STAIRDANCE
  3246 | D:5      | 3246 ||| STAIRDANCE
  3251 | D:4      | Reached skill level 7 in Ranged Weapons
  3255 | D:4      | HP: 8/38 [gnoll/+0 club (6)]
  3256 | D:4      | 3256 ||| READING scroll of teleportation.
  3257 | D:4      | Slain by a gnoll

Levels and vault maps discovered:
D:1:      denvon_arrival_waterhouse, layout_loops_ring, serial_shops, shop,
          ebering_ecumenical_altar_petrified
D:2:      layout_loops_ring, basic_altar, mrwooster_statue_mirror
D:3:      layout_basic, mainiacjoe_overflow_boulevard,
          chequers_serial_rivers_marsh, minmay_distorted
D:4:      layout_basic, mainiacjoe_overflow_tiny_flanked, serial_shops,
          nicolae_shop_rolling_square, uniq_natasha
D:5:      layout_cave_pools, tgw_sif, lemuel_temple_firewalk_b, serial_shops,
          shop, hangedman_decor_points, uniq_edmund, uniq_menkaure

Skill      XL: |  1  2  3  4  5  6 |
---------------+-------------------+-----
Armour         | 1 |  1.0
Ranged Weapons | 5 6 7 |  7.0
Fighting       | 3 4 |  4.0
Dodging        | |  1.5
Stealth        | |  1.1
Invocations    | |  0.7

Action                     |  1- 3 |  4- 6 || total
---------------------------+-------+-------++-------
   Fire: Shortbow          |    90 |   160 ||   250
 Invoke: Heroism           |       |     1 ||     1
    Use: Scroll            |     4 |     8 ||    12
         Potion            |       |     2 ||     2
 Armour: Leather armour    |     9 |       ||     9
         Ring mail         |     8 |    58 ||    66
  Dodge: Dodged            |    20 |    44 ||    64
         Repelled          |       |     1 ||     1
  Block: Other             |       |    20 ||    20

Table legend:
 A = Non-vault XP
 B = Vault XP
 C = Vault XP percentage of total XP
 D = Non-vault monster count
 E = Vault monster count
 F = Vault count percentage of total count
                 A         B        C        D         E       F
            +---------+---------+-------+---------+---------+-------
      Total |     503 |      36 |   6.7 |      75 |       2 |   2.6
            +---------+---------+-------+---------+---------+-------
        D:1 |      29 |       0 |   0.0 |      18 |       0 |   0.0
        D:2 |      62 |       0 |   0.0 |      14 |       0 |   0.0
        D:3 |      78 |       1 |   1.3 |      15 |       1 |   6.2
        D:4 |     334 |      35 |   9.5 |      28 |       1 |   3.4
            +---------+---------+-------+---------+---------+-------
